 Dungeon Crawl Stone Soup version 0.15.0-11-g6f4f891 (webtiles) character file.

58704 HungrySpirit the Spry (level 14, 0/114 HPs)
             Began as a Spriggan Berserker on Aug 31, 2014.
             Was the Champion of Trog.
             Slain by an orc knight
             ... wielding a +0 great mace
              (25 damage)
             ... on Level 3 of the Orcish Mines.
             The game lasted 01:15:46 (28651 turns).

HungrySpirit the Spry (Spriggan Berserker)         Turns: 28651, Time: 01:15:47

HP   0/114       AC  7     Str 18      XL: 14   Next: 50%
MP  23/23        EV 33     Int  9      God: Trog [******]
Gold 1749        SH  0     Dex 18      Spells:  0 memorised, 13 levels left

rFire  + + .     SeeInvis +     u - +6 scimitar of Flaming Death {flame, rPois rF++ rC- MR+}
rCold  x . .     Clarity  .     W - +2 robe {MR+}
rNeg   . . .     rCorr    .     (shield restricted)
rPois  +         rRot     .     (helmet restricted)
rElec  .         Spirit   .     V - +2 cloak {MR+}
SustAb .         Warding  .     (gloves unavailable)
rMut   .         Stasis   .     (boots unavailable)
Gourm  .                        m - amulet of faith
MR     +++++                    P - +3 ring of slaying
                                y - ring of protection from magic

@: berserking, lethally poisoned, drained, very quick, almost entirely resistant
to hostile enchantments, extremely unstealthy
A: unfitting armour, see invisible, clumsy 1, herbivore 3, speed 3, slow
metabolism 2
a: Burn Spellbooks, Berserk, Trog's Hand, Brothers in Arms, Renounce Religion


You were on level 3 of the Orcish Mines.
You worshipped Trog.
Trog was exalted by your worship.
You were not hungry.

You visited 3 branches of the dungeon, and saw 22 of its levels.
You also visited: Labyrinth.

You collected 1836 gold pieces.
You spent 87 gold pieces at shops.

Inventory:

Hand weapons
 o - a +7 scimitar of holy wrath
 p - a +7 antimagic quick blade
 u - the +6 scimitar of Flaming Death (weapon) {flame, rPois rF++ rC- MR+}
   (You found it on level 7 of the Dungeon)

   It emits flame when wielded, causing extra injury to most foes and up to
   double damage against particularly susceptible opponents.
   Big, fiery blades are also staple armaments of hydra-hunters.
   It greatly protects you from fire.
   It makes you vulnerable to cold.
   It protects you from poison.
   It affects your resistance to hostile enchantments.
 J - the +2 quick blade "Streniq" {flame, *Rage rF+ rC+ MR++}
   (Trog gifted it to you on level 11 of the Dungeon)

   It emits flame when wielded, causing extra injury to most foes and up to
   double damage against particularly susceptible opponents.
   It protects you from fire.
   It protects you from cold.
   It affects your resistance to hostile enchantments.
   It may make you go berserk in combat.
 Z - a +3 bastard sword of flaming
Armour
 V - a +2 cloak of magic resistance (worn)
 W - a +2 robe of magic resistance (worn)
Magical devices
 g - a wand of digging (13)
 v - a wand of hasting (7)
 A - a wand of cold (5)
 Q - a wand of lightning (5)
Comestibles
 i - 3 bread rations
 C - 18 royal jellies
 D - 30 fruits
Scrolls
 a - a scroll of silence {unknown}
 b - a scroll of enchant armour
 e - 5 scrolls of fear
 h - 6 scrolls of teleportation
 k - 7 scrolls of identify
 l - 3 scrolls of magic mapping
 q - 3 scrolls of enchant weapon
 B - a scroll of brand weapon {unknown}
 E - 4 scrolls of remove curse
 R - 2 scrolls of recharging
 X - 3 scrolls of fog
Jewellery
 j - an uncursed ring of ice
 m - an amulet of faith (around neck)
 r - a cursed amulet of stasis
 y - a ring of protection from magic (left hand)
 P - a +3 ring of slaying (right hand)
Potions
 c - 3 potions of agility
 d - 6 potions of restore abilities
 f - 2 potions of curing
 n - 3 potions of resistance
 s - a potion of mutation {unknown}
 t - 2 potions of brilliance
 w - 6 potions of haste
 x - 4 potions of might
 z - 3 potions of flight
 K - 2 potions of magic {unknown}
 M - 3 potions of berserk rage
 N - 2 potions of heal wounds
 T - a potion of cure mutation {unknown}
 U - 2 potions of confusion {unknown}
Miscellaneous
 Y - a phial of floods


   Skills:
 + Level 9.6(8.5) Fighting
 - Level 11.9(12.7) Short Blades
 * Level 9.7(10.1) Long Blades
 - Level 18.4(17.0) Dodging
 + Level 16.5(15.2) Stealth


You had 13 spell levels left.
You didn't know any spells.

Dungeon Overview and Level Annotations

Branches:
Dungeon (11/15)            Temple (0/1) D:6             Orc (3/4) D:10
   Lair (8/8) D:11         Shoals (0/5) Lair:4       Spider (0/5) Lair:6
  Slime (0/6) Lair:6
    Elf: Orc:3-4

Altars:
Cheibriados
Elyvilon
Fedhas
Nemelex Xobeh
Beogh

Shops:
D:7 (   Orc:1 [   Orc:3 *}*

Portals:
Trove: D:11 (give +4 gold dragon armour)


Innate Abilities, Weirdness & Mutations

You are tiny and cannot use many weapons and most armour.
You have supernaturally acute eyesight.
You are a herbivore.
You cover ground extremely quickly.
You need consume almost no food.
You are clumsy. (Dex -2)


Message History

You feel yourself moving faster!
You feel mighty!
You feel somewhat more hungry.
You feel sick.
The orc shouts!
The orc sorcerer casts a spell at you. The bolt of negative energy hits you!
You feel drained.
The orc knight roars a battle-cry!
The orc knight hits you with a great mace!
* * * LOW HITPOINT WARNING * * *
An orc comes into view. It is wielding a whip.
Unknown command.
You slash the orc sorcerer! You burn the orc sorcerer.
You kill the orc sorcerer!
Trog accepts your kill.
Trog appreciates your killing of a magic user.
You feel sick.
The sixfirhy disappears in a puff of smoke!
The sun demon disappears in a puff of smoke!
You barely miss the orc knight.
The orc knight hits you with a great mace!!
You die...

###......##..........#..##....##
###.....#..........#.......##
..........#####....≈≈≈≈...#
#.#.........## ###...≈≈..###
###........#.## #..≈≈≈≈.#
#.......#...# ##..≈....≈ #
....#...#...## #........###
.###...#...## #......... #
#.....g@..# ###.##...###
##....oo#.# #####..##.
###......# #...##.
#o....§########..##..
o...#.####.##.....)...
.o...#.###.)#..........
∩...####........)#.... ...
#...#.(#./..... #.......##..PP..


You could see an orc knight, an orc warrior (frenzied), 3 orcs and a goblin.

Vanquished Creatures
  A minotaur (Lab)
  Fannar (D:10)
  5 hydras
  10 death yaks (Lair:8)
  An orc high priest (Orc:2)
  A catoblepas (Lair:7)
  Erolcha (D:8)
  An unseen horror (D:8)
  2 orc sorcerers
  A lindwurm (Lair:8)
  An ugly thing (D:11)
  A manticore (Lair:4)
  4 griffons
  4 elephants (Lair:4)
  4 black mambas
  10 komodo dragons
  A demonic crawler (Lair:6)
  3 fire drakes
  20 spiny frogs
  A queen bee (Lair:3)
  Grinder (D:3)
  4 giant leeches (Lair:8)
  3 polar bears
  A troll (D:11)
  29 blink frogs
  4 wandering mushrooms (Lab)
  4 basilisks
  A hill giant zombie (D:9)
  A spriggan (Lair:2)
  Eustachio (D:5)
  8 vampire mosquitoes (Lair:8)
  35 yaks
  12 wolves
  5 hippogriffs
  3 wargs (Orc:3)
  12 water moccasins
  2 phantoms
  10 orc warriors
  2 sky beasts
  4 ogres
  2 centaurs
  2 black bears
  10 crocodiles
  8 porcupines
  An ice beast (D:7)
  3 boring beetles
  Duvessa (D:4)
  22 giant frogs
  An eye of draining (D:8)
  3 scorpions
  A water moccasin skeleton (D:10)
  14 killer bees (Lair:3)
  10 electric eels
  7 wights
  3 goliath beetles (Lair:6)
  Dowan (D:4)
  A crimson imp (D:6)
  A quasit (D:6)
  14 hounds
  Crazy Yiuf (D:4)
  An elf zombie (D:7)
  A gnoll shaman (D:6)
  2 jellies (D:10)
  8 iguanas
  20 orc wizards
  4 worker ants
  3 giant frog skeletons
  12 orc priests
  15 sheep
  Ijyb (D:4)
  Jessica (D:2)
  A big kobold zombie (D:9)
  A hound zombie (D:8)
  A mummy (D:9)
  6 gnolls (D:6)
  14 adders
  42 green rats
  4 shadow imps
  2 giant mites
  2 worms
  An orc zombie (D:7)
  An adder zombie (D:8)
  An iguana skeleton (D:6)
  3 giant geckos
  2 oozes (D:2)
  79 orcs
  3 ball pythons
  14 bats
  A bat zombie (D:5)
  10 giant cockroaches
  11 hobgoblins
  6 jackals
  11 quokkas
  A giant gecko zombie (D:7)
  3 giant newts
  14 goblins
  10 kobolds
  9 rats
  A rat zombie (D:7)
  A butterfly (Lair:5)
  3 fungi
  2 plants
649 creatures vanquished.

Vanquished Creatures (collateral kills)
  A hydra (Lair:4)
  2 death yaks (Lair:8)
  A giant frog (Lair:4)
  11 killer bees (Lair:3)
  4 green rats (Lair:4)
19 creatures vanquished.

Vanquished Creatures (others)
  3 two-headed ogres
  A troll (Lair:8)
  2 ogres (Lair:4)
  An orc priest (D:6)
  2 orcs (D:6)
  A quokka (D:7)
  9 fungi
  10 plants (Lair:8)
29 creatures vanquished.

Grand Total: 697 creatures vanquished

Notes
Turn   | Place    | Note
--------------------------------------------------------------
     0 | D:1      | HungrySpirit, the Spriggan Berserker, began the quest for the Orb.
     0 | D:1      | Reached XP level 1. HP: 11/11 MP: 2/2
   171 | D:1      | Reached skill level 1 in Stealth
   317 | D:1      | Reached XP level 2. HP: 14/16 MP: 4/4
   357 | D:1      | Reached skill level 5 in Dodging
   844 | D:1      | Acquired Trog's second power
   946 | D:2      | Reached XP level 3. HP: 17/19 MP: 6/6
  2464 | D:2      | Noticed Jessica
  2497 | D:2      | Killed Jessica
  2497 | D:2      | Reached XP level 4. HP: 14/23 MP: 8/8
  3197 | D:3      | Noticed Grinder
  3208 | D:3      | Killed Grinder
  3208 | D:3      | Reached skill level 6 in Dodging
  3208 | D:3      | Reached XP level 5. HP: 27/27 MP: 10/10
  3208 | D:3      | Reached XP level 6. HP: 32/32 MP: 12/12
  3536 | D:4      | Reached skill level 7 in Stealth
  3695 | D:4      | Noticed Duvessa
  3695 | D:4      | Noticed Dowan
  3697 | D:4      | Noticed Ijyb
  3990 | D:4      | Killed Ijyb
  4127 | D:4      | Reached skill level 5 in Short Blades
  4294 | D:4      | Killed Duvessa
  4294 | D:4      | Reached XP level 7. HP: 23/35 MP: 14/14
  4300 | D:5      | Entered Level 5 of the Dungeon
  4568 | D:4      | Killed Dowan
  4568 | D:4      | Reached skill level 8 in Stealth
  5116 | D:4      | Noticed Crazy Yiuf
  5125 | D:4      | Killed Crazy Yiuf
  5782 | D:5      | Noticed Eustachio
  6036 | D:5      | Killed Eustachio
  6648 | D:6      | Reached skill level 9 in Stealth
  6803 | D:6      | Reached XP level 8. HP: 12/40 MP: 16/16
  6948 | D:6      | Found a staircase to the Ecumenical Temple.
  7803 | D:6      | Acquired Trog's third power
  8172 | D:7      | Found a white marble altar of Elyvilon.
  8486 | D:7      | Found Gerr's Antique Weapon Boutique.
  9007 | D:7      | Found a sparkling altar of Nemelex Xobeh.
  9013 | D:7      | Found a blossoming altar of Fedhas.
  9014 | D:7      | Found a snail-covered altar of Cheibriados.
  9220 | D:8      | Noticed an unseen horror
  9236 | D:8      | Killed an unseen horror
  9236 | D:8      | Reached XP level 9. HP: 27/46 MP: 1/18
  9406 | D:8      | Reached skill level 10 in Dodging
  9421 | D:8      | Noticed Erolcha
  9448 | D:8      | Killed Erolcha
  9448 | D:8      | Reached skill level 5 in Fighting
  9448 | D:8      | Reached skill level 11 in Dodging
  9957 | D:8      | Reached skill level 12 in Dodging
  9961 | D:8      | Reached skill level 1 in Long Blades
 10354 | D:9      | Reached XP level 10. HP: 51/51 MP: 19/19
 10613 | D:10     | Entered Level 10 of the Dungeon
 10777 | D:10     | Noticed Fannar
 10791 | D:10     | Killed Fannar
 10791 | D:10     | Reached skill level 13 in Dodging
 11031 | D:10     | Found a staircase to the Orcish Mines.
 11681 | D:11     | Noticed a green ugly thing
 11713 | D:11     | Received a gift from Trog
 11730 | D:11     | Got a twisted quick blade {god gift}
 11731 | D:11     | Identified the +2 quick blade "Streniq" {flame, *Rage rF+ rC+ MR++} (Trog gifted it to you on level 11 of the Dungeon)
 11838 | D:11     | Killed a green ugly thing
 11905 | D:11     | Found a staircase to the Lair.
 12043 | D:11     | Found a portal to a secret trove of treasure.
 12105 | D:11     | Reached skill level 14 in Dodging
 12384 | D:11     | Got a crude robe
 12395 | D:11     | Identified the cursed -5 robe of Misfortune {-Cast Contam *Tele EV-4 Str-2 Dex-2 Int-2 Stlth-- Curse} (You found it on level 11 of the Dungeon)
 12433 | D:11     | Gained mutation: You are clumsy. (Dex -2) [mutagenic glow]
 12681 | Lair:1   | Entered Level 1 of the Lair of Beasts
 12869 | Lair:1   | Noticed a black mamba
 12883 | Lair:1   | Killed a black mamba
 12883 | Lair:1   | Reached XP level 11. HP: 58/58 MP: 20/20
 13152 | Lair:1   | Reached skill level 5 in Long Blades
 14133 | Lair:2   | Reached skill level 10 in Stealth
 14568 | Lair:3   | Reached skill level 15 in Dodging
 15571 | Lair:3   | Received a gift from Trog
 15821 | Lair:3   | Reached skill level 16 in Dodging
 16232 | Lair:3   | Received a gift from Trog
 16451 | Lair:3   | Reached XP level 12. HP: 26/63 MP: 21/21
 16772 | Lair:3   | Received a gift from Trog
 17265 | Lair:4   | Noticed a seven-headed hydra
 17287 | Lair:4   | Reached skill level 17 in Dodging
 17586 | Lair:4   | Killed a six-headed hydra
 18122 | Lair:4   | Found a staircase to the Shoals.
 18433 | Lair:4   | Reached skill level 18 in Dodging
 18946 | Lair:4   | Reached skill level 10 in Short Blades
 19130 | Lair:4   | Noticed a seven-headed hydra
 19219 | Lair:5   | Found a labyrinth entrance.
 19226 | Lab      | Entered a labyrinth
 19824 | Lab      | Noticed a minotaur
 19839 | Lab      | Killed a minotaur
 20036 | Lair:5   | Received a gift from Trog
 20187 | Lair:5   | Reached XP level 13. HP: 67/67 MP: 7/22
 20809 | Lair:6   | Found a staircase to the Slime Pits.
 20846 | Lair:6   | Found a hole to the Spider Nest.
 22125 | Lair:8   | Entered Level 8 of the Lair of Beasts
 22587 | Lair:8   | Received a gift from Trog
 23299 | Lair:8   | Reached skill level 15 in Stealth
 24185 | Lair:8   | Received a gift from Trog
 24662 | Lair:8   | Reached XP level 14. HP: 65/75 MP: 23/23
 24723 | Lair:8   | Received a gift from Trog
 27015 | Orc:1    | Entered Level 1 of the Orcish Mines
 27061 | Orc:1    | Received a gift from Trog
 27186 | Orc:1    | Found Kloek's Armour Emporium.
 27427 | Orc:1    | Received a gift from Trog
 27781 | Orc:2    | Found a roughly hewn altar of Beogh.
 28203 | Orc:3    | Found Osuassod's Assorted Antiques.
 28211 | Orc:3    | Bought a scroll labeled XUECIE NINE for 30 gold pieces
 28211 | Orc:3    | Bought a black potion for 27 gold pieces
 28211 | Orc:3    | Bought a scroll labeled LOALLE POJARR for 30 gold pieces
 28236 | Orc:3    | Received a gift from Trog
 28635 | Orc:3    | Found Fruraje's Gadget Shop.
 28641 | Orc:3    | Found Toxted's General Store.
 28651 | Orc:3    | Slain by an orc knight

Action                   |  1- 3 |  4- 6 |  7- 9 | 10-12 | 13-15 || total
-------------------------+-------+-------+-------+-------+-------++-------
Melee: Short sword       |   185 |   145 |   448 |       |       ||   778
       Scimitar          |       |       |   103 |   615 |   681 ||  1399
       Quick blade       |       |       |       |   139 |    56 ||   195
Invok: Berserk           |     2 |     3 |     8 |    11 |     4 ||    28
       Trog's Hand       |       |     1 |       |     3 |     2 ||     6
       Brothers in Arms  |       |       |       |     7 |     1 ||     8
Evoke: Wand              |       |     1 |     7 |    11 |     6 ||    25
  Use: Potion            |     1 |       |     1 |     3 |       ||     5
       Scroll            |       |     1 |    12 |    13 |     5 ||    31
 Stab: Sleeping          |     6 |     7 |    21 |    42 |    41 ||   117
       Distracted        |     1 |       |     3 |     3 |     7 ||    14
       Invisible         |       |       |       |     1 |       ||     1
       Fleeing           |       |       |       |     1 |     1 ||     2
  Eat: Fruit             |       |       |     4 |    17 |    13 ||    34
       Pizza             |       |       |     2 |       |     2 ||     4
       Bread ration      |       |       |     1 |     1 |       ||     2
